AoeStats
← Asheqer

Black Forest

509435177Analyzed
3v3 RM · 5d ago on Sep 26, 2026· 21m 10s· 6 players
Game mode
Random Map
Map size
Normal (6 player)
Population
200
Speed
Normal
Resources
Standard
Victory
Conquest
Starting age
Dark Age
Ending age
Imperial Age
RankedLock teamsTeams togetherTeam positionsShared explorationLock speedFull tech treeHidden civsTurbo modeCheats
Victory
Defeat
🇲🇽 Danes · Mexico
829
+13
🇲🇽 Persians · Mexico
789
+15
🇲🇽 Chinese · Mexico
690
+18
🇺🇸 Khmer · United States
778
-16
🇬🇧 Spanish · United Kingdom
751
-15
🇦🇹 Huns · Austria
737
-15
Danielovs9
0:27 Loom
14:26 Feudal Age
14:58 Feudal Age
15:45 Double-Bit Axe
15:42 Horse Collar
15:53 Gold Mining
21:05 Castle Age
21:16 Stone Mining
trujic93
1:04 Loom
11:06 Feudal Age
11:35 Double-Bit Axe
11:48 Horse Collar
16:22 Man-at-Arms
17:12 Gold Mining
19:13 Arson
22:41 Castle Age
miguelremis8
0:29 Loom
13:01 Feudal Age
13:37 Man-at-Arms
15:02 Arson
17:51 Wheelbarrow
Turd Ferguson
0:30 Loom
12:06 Feudal Age
14:40 Wheelbarrow
17:43 Castle Age
Asheqer
10:29 Feudal Age
11:14 Double-Bit Axe
12:11 Loom
17:43 Castle Age
17:52 Horse Collar
18:09 Gold Mining
18:10 Stone Mining
19:16 Scale Barding Armor
19:22 Forging
19:48 Light Cavalry
Bohemaniac
14:46 Feudal Age
Connection lost

Rejoining the realm…

Still unreachable

The connection could not be restored.

Session expired

The server has moved on; the page needs a fresh start.